Map: Psionic Temple

Players

Tesla - Winner!

  • Race: Protoss Protoss

Knitr

  • Race: Protoss Protoss
  • League: Platinum

VOD

Have the link to the VOD?

Description

Time

  • Played on: Sept. 19, 2016, 12:03 p.m.
  • Length: 12:47
Show
View Real Time Build Order
Export as new Build Order

Tesla Protoss - Winner!

Build Orders:  

Get SALT Encoding   

  12  0:01  Probe (Chrono Boost)  
  13  0:11  Probe (Chrono Boost)  
  14  0:18  Pylon  
  14  0:22  Probe (Chrono Boost)  
  15  0:36  Probe (Chrono Boost)  
  15  0:39  Gateway  
  16  0:45  Assimilator  
  16  0:48  Probe (Chrono Boost)  
  17  0:58  Probe (Chrono Boost)  
  17  1:03  Pylon  
  18  1:09  Probe (Chrono Boost)  
  19  1:17  Assimilator  
  19  1:20  Probe (Chrono Boost)  
  20  1:30  Probe (Chrono Boost)  
  21  1:33  Cybernetics Core  
  21  1:41  Probe (Chrono Boost)  
  22  1:51  Probe (Chrono Boost)  
  23  2:03  Nexus  
  23  2:05  Probe (Chrono Boost)  
  24  2:11  Warp Gate  
  24  2:17  Mothership Core (Chrono Boost)  
  24  2:21  Adept  
  28  2:36  Gateway  
  29  2:37  Probe (Chrono Boost)  
  29  2:44  Adept  
  29  2:49  Probe (Chrono Boost)  
  31  2:59  Gateway  
  31  3:08  Pylon  
  31  3:11  Pylon  
  31  3:16  Probe (Chrono Boost)  
  32  3:24  Adept  
  32  3:26  Adept  
  31  3:32  Probe (Chrono Boost)  
  36  3:36  Pylon  
  37  3:42  Probe (Chrono Boost)  
  37  3:48  Assimilator  
  37  3:51  Stalker  
  37  3:52  Assimilator  
  37  3:53  Probe (Chrono Boost)  
  37  3:54  Sentry  
  43  4:03  Probe (Chrono Boost)  
  43  4:06  Probe (Chrono Boost)  
  44  4:15  Probe (Chrono Boost)  
  44  4:16  Robotics Facility  
  45  4:20  Probe (Chrono Boost)  
  45  4:23  Stalker  
  48  4:28  Probe (Chrono Boost)  
  49  4:34  Forge  
  49  4:38  Probe (Chrono Boost)  
  50  4:40  Probe (Chrono Boost)  
  53  4:50  Twilight Council  
  53  4:55  Probe x2 (Chrono Boost)  
  53  4:59  Protoss Ground Weapons Level 1  
  53  5:09  Probe (Chrono Boost)  
  53  5:10  Probe (Chrono Boost), Stalker x3  
  61  5:16  Resonating Glaives  
  61  5:17  Observer  
  62  5:21  Gateway  
  62  5:37  Stalker  
  62  5:38  Observer  
  62  5:40  Adept  
  67  5:43  Adept  
  69  6:01  Gateway  
  69  6:02  Gateway  
  69  6:10  Pylon, Nexus  
  69  6:13  Pylon  
  70  6:19  Probe (Chrono Boost)  
  70  6:21  Pylon  
  70  6:28  Immortal  
  70  6:30  Probe (Chrono Boost)  
  70  6:31  Probe (Chrono Boost)  
  76  6:39  Forge  
  76  6:41  Blink  
  76  6:42  Probe (Chrono Boost)  
  76  6:44  Gateway  
  76  6:46  Gateway  
  77  6:58  Stalker  
  77  6:59  Stalker x2  
  83  7:07  Warp Prism  
  75  7:36  Probe x2 (Chrono Boost)  
  77  7:42  Stalker x5  
  77  7:43  Stalker  
  87  7:46  Immortal  
  87  7:55  Protoss Ground Armor Level 1  
  87  7:56  Probe x2 (Chrono Boost)  
  89  8:06  Protoss Ground Weapons Level 2  
  89  8:08  Probe x2 (Chrono Boost)  
  91  8:25  Immortal  
  97  8:28  Probe x2 (Chrono Boost)  
  97  8:30  Pylon  
  97  8:32  Pylon  
  97  8:34  Pylon  
  97  8:37  Adept  
  97  8:38  Assimilator, Adept x4  
  97  8:40  Probe (Chrono Boost)  
  108  8:42  Assimilator  
  106  8:54  Stalker  
  92  9:07  Stalker  
  92  9:08  Stalker x3  
  92  9:09  Stalker  
  59  9:18  Stalker  
  57  9:26  Immortal  
  61  9:34  Probe (Chrono Boost)  
  61  9:35  Mothership Core (Chrono Boost)  
  65  9:46  Probe (Chrono Boost)  
  65  9:49  Probe (Chrono Boost)  
  66  9:54  Probe (Chrono Boost)  
  66  9:55  Stalker  
  66  9:58  Probe (Chrono Boost)  
  66  9:59  Probe (Chrono Boost)  
  71  10:05  Immortal  
  75  10:07  Stalker x2  
  75  10:10  Probe (Chrono Boost)  
  75  10:12  Stalker  
  75  10:13  Stalker  
  84  10:17  Probe (Chrono Boost)  
  84  10:20  Probe (Chrono Boost)  
  86  10:24  Stalker  
  89  10:29  Probe (Chrono Boost)  
  89  10:31  Probe (Chrono Boost)  
  90  10:41  Probe x2 (Chrono Boost)  
  92  10:45  Probe (Chrono Boost)  
  92  10:48  Stalker x2  
  97  10:52  Probe (Chrono Boost)  
  97  10:53  Probe (Chrono Boost)  
  97  10:54  Pylon  
  100  10:57  Probe (Chrono Boost)  
  100  11:02  Stalker x2  
  100  11:03  Stalker  
  106  11:09  Probe (Chrono Boost)  
  106  11:11  Stalker  
  109  11:13  Stalker  
  111  11:26  Stalker  
  111  11:27  Stalker x2  
  117  11:40  Stalker  
  117  11:41  Stalker x2  
  123  11:54  Probe (Chrono Boost)  
  123  11:57  Stalker x2  
  123  11:58  Stalker  
  123  12:02  Immortal  
  123  12:08  Adept  
  123  12:09  Adept x2  
Show
View Real Time Build Order
Export as new Build Order

Knitr Protoss 

Build Orders:  

Get SALT Encoding   

  12  0:01  Probe (Chrono Boost)  
  13  0:17  Pylon  
  13  0:18  Probe (Chrono Boost)  
  14  0:29  Probe (Chrono Boost)  
  15  0:40  Probe (Chrono Boost)  
  16  0:43  Gateway  
  16  0:50  Probe (Chrono Boost)  
  16  0:53  Assimilator  
  16  0:56  Assimilator  
  17  1:01  Probe (Chrono Boost)  
  18  1:13  Gateway  
  18  1:15  Probe (Chrono Boost)  
  19  1:26  Probe (Chrono Boost)  
  19  1:34  Cybernetics Core  
  19  1:36  Probe (Chrono Boost)  
  20  1:46  Pylon  
  21  1:47  Probe (Chrono Boost)  
  21  1:57  Warp Gate, Probe (Chrono Boost)  
  22  2:11  Stalker x2  
  26  2:19  Probe (Chrono Boost)  
  27  2:29  Pylon  
  27  2:33  Probe (Chrono Boost)  
  28  2:43  Sentry  
  30  2:50  Mothership Core (Chrono Boost)  
  32  3:07  Nexus  
  32  3:37  Probe (Chrono Boost)  
  33  3:44  Robotics Facility  
  33  3:45  Pylon  
  33  3:47  Forge  
  33  3:53  Probe (Chrono Boost)  
  34  4:00  Pylon  
  34  4:05  Probe (Chrono Boost)  
  35  4:13  Pylon  
  35  4:14  Stalker x2  
  40  4:17  Probe (Chrono Boost)  
  40  4:32  Photon Cannon  
  40  4:33  Observer  
  40  4:36  Twilight Council  
  41  4:41  Probe x2 (Chrono Boost)  
  43  4:49  Photon Cannon  
  44  4:53  Probe (Chrono Boost)  
  44  5:08  Probe (Chrono Boost)  
  44  5:11  Probe (Chrono Boost), Blink  
  44  5:12  Observer  
  47  5:18  Probe (Chrono Boost)  
  48  5:23  Gateway  
  48  5:24  Gateway  
  49  5:28  Probe (Chrono Boost)  
  49  5:29  Probe (Chrono Boost)  
  49  5:30  Assimilator  
  49  5:32  Assimilator  
  50  5:39  Probe (Chrono Boost)  
  50  5:40  Probe (Chrono Boost)  
  52  5:49  Immortal  
  52  5:51  Probe (Chrono Boost)  
  57  6:02  Probe (Chrono Boost)  
  57  6:03  Stargate  
  58  6:07  Protoss Ground Weapons Level 1  
  57  6:13  Probe (Chrono Boost)  
  57  6:16  Sentry  
  57  6:17  Sentry  
  62  6:18  Pylon  
  62  6:35  Immortal  
  66  6:54  Stalker x4  
  68  6:58  Void Ray  
  78  7:07  Pylon  
  78  7:09  Pylon  
  78  7:13  Gateway x2  
  78  7:15  Gateway  
  69  7:30  Probe (Chrono Boost)  
  68  7:37  Warp Prism  
  68  7:40  Probe (Chrono Boost)  
  71  7:47  Protoss Ground Weapons Level 2  
  71  7:53  Oracle  
  71  7:57  Photon Cannon  
  74  8:12  Probe (Chrono Boost)  
  75  8:14  Pylon  
  76  8:20  Observer  
  74  8:35  Pylon  
  74  8:37  Pylon  
  74  8:41  Photon Cannon  
  74  8:44  Photon Cannon  
  72  8:54  Zealot x2  
  72  8:55  Zealot x5  
  62  9:08  Void Ray  
  58  9:24  Observer  
  58  9:26  Stalker x2  
  58  9:27  Stalker x2  
  66  9:47  Photon Cannon  
  66  9:50  Warp Prism  
  68  10:04  Charge  
  66  10:12  Zealot x4  
  66  10:13  Zealot x3  
  80  10:18  Probe (Chrono Boost)  
  81  10:49  Zealot x2  
  83  10:50  Zealot x5  
  93  11:13  Nexus  
  93  11:15  Pylon  
  92  11:26  Zealot x4  
  100  11:38  Zealot  
  100  11:39  Zealot x2  
Tags
 
Add a new tag
Caveats
  • Supply blocks, unpowered buildings, or Contaminate may cause inaccurate times.
  • Supply counts are checked every 10 seconds.